 Dungeon Sprint DCSS version 0.30-a0-964-gd452b5e7fa (webtiles) character file.

Game seed: 6496670475144515718

393 dialectric the Unseen (level 6, -1/29 HPs)
             Began as a Spriggan Brigand on Mar 30, 2023.
             Slain by a neqoxec (6 damage)
             ... in the Dungeon (Sprint II: "The Violet Keep of Menkaure").
             The game lasted 00:00:25 (42 turns).

dialectric the Unseen (Spriggan Brigand)              Turns: 42, Time: 00:00:25

Health: -1/29      AC:  3    Str:  7    XL:     6   Next: 51%
Magic:  6/6        EV: 18    Int: 11    God:
Gold:   0          SH:  0    Dex: 18    Spells: 5/5 levels left

rFire   . . .      SeeInvis +    a - +2 dagger
rCold   . . .      Faith    .    (no shield)
rNeg    . . .      Spirit   .    b - +0 robe
rPois   .          Reflect  .    (helmet restricted)
rElec   .          Rampage  .    c - +0 cloak
rCorr   .          NoTele   +    (gloves unavailable)
Will    +....      Rage     3%   (boots unavailable)
Stlth   +++++++                  (no amulet)
HPRegen 0.24/turn                (no ring)
MPRegen 0.10/turn                (no ring)

@: on berserk cooldown, slowed, quick
A: very small, no large weapons, unfitting armour, see invisible, speed 3,
berserk 1, dopey 1, frail 1, low MP 1
a: no special abilities


You were in the Dungeon.
You visited 1 branch

Inventory:

Hand Weapons
 a - a +2 dagger (weapon)
Missiles
 d - 9 poisoned darts (quivered)
 e - 3 curare-tipped darts
Armour
 b - a +0 robe (worn)
 c - a +0 cloak (worn)
Scrolls
 k - a scroll of blinking
Potions
 h - a potion of haste
 i - 2 potions of magic


   Skills:
 + Level 3.9 Fighting
 + Level 5.1 Short Blades
 - Level 3.3 Throwing
 + Level 3.3 Dodging
 + Level 18.9 Stealth


You had 5 spell levels left.
You didn't know any spells.
Your spell library was empty.

Dungeon Overview and Level Annotations

Branches:
Dungeon (1/1)

Altars:


Innate Abilities, Weirdness & Mutations

You are very small and have problems with some larger weapons.
You are too small for most types of armour.
You have supernaturally acute eyesight. (SInv)
You cover ground extremely quickly. (Speed+++)
You sometimes lose your temper in combat.
You are dopey. (Int -2)
You are frail. (-10% HP)
Your magical capacity is low. (-10% MP)


Message History

The neqoxec closely misses you. The neqoxec hits you.
You hit the neqoxec but do no damage.
The neqoxec is moderately wounded.
The neqoxec gestures at you.
Strange energies course through your body.
You feel a little pissed off.
You hit the neqoxec but do no damage.
The neqoxec is moderately wounded.
The neqoxec completely misses you.
You hit the neqoxec.
The neqoxec is moderately wounded.
The neqoxec barely misses you.
Unknown command.
You hit the neqoxec.
The neqoxec is heavily wounded.
The neqoxec hits you!
You hit the neqoxec.
The neqoxec is heavily wounded.
The neqoxec gestures at you.
Strange energies course through your body.
You feel frail.
You hit the neqoxec.
The neqoxec is heavily wounded.
The neqoxec barely misses you.
You barely miss the neqoxec.
The neqoxec is heavily wounded.
The neqoxec completely misses you.
You hit the neqoxec.
The neqoxec is heavily wounded.
The neqoxec completely misses you.
Unknown command.
You feel better. The neqoxec closely misses you. The neqoxec barely misses you.
You hit the neqoxec but do no damage.
The neqoxec is heavily wounded.
The neqoxec hits you!
* * * LOW HITPOINT WARNING * * *
You hit the neqoxec but do no damage.
The neqoxec is heavily wounded.
The neqoxec hits you.
You die...

## #.#
#+#
#..##.##
#$@.<.+
#3##.##
#.# #+#
##


You could see a neqoxec.

Vanquished Creatures
  3 neqoxecs (D)
3 creatures vanquished.

Notes
Turn   | Place    | Note
-------+----------+-------------------------------------------
     0 | D        | dialectric the Spriggan Brigand began the quest for the
                  | Orb.
     0 | D        | Reached XP level 1. HP: 10/10 MP: 2/2
     1 | D        | Noticed a neqoxec
     1 | D        | Noticed a neqoxec
     1 | D        | Noticed a neqoxec
     1 | D        | Noticed a neqoxec
     6 | D        | Killed a neqoxec
     7 | D        | Reached skill level 13 in Stealth
     7 | D        | Reached XP level 2. HP: 16/16 MP: 3/3
     7 | D        | Reached XP level 3. HP: 19/19 MP: 4/4
     7 | D        | Reached XP level 4. HP: 23/23 MP: 5/5
    16 | D        | Killed a neqoxec
    17 | D        | Reached skill level 16 in Stealth
    17 | D        | Reached XP level 5. HP: 28/28 MP: 6/6
    21 | D        | Gained mutation: Your magical capacity is low. (-10% MP) [a
                  | neqoxec]
    22 | D        | Killed a neqoxec
    23 | D        | Reached skill level 5 in Short Blades
    23 | D        | Reached skill level 18 in Stealth
    23 | D        | Reached XP level 6. HP: 26/33 MP: 6/6
    29 | D        | Gained mutation: You are dopey. (Int -2) [a neqoxec]
    32 | D        | Gained mutation: You sometimes lose your temper in combat.
                  | [a neqoxec]
    36 | D        | Gained mutation: You are frail. (-10% HP) [a neqoxec]
    42 | D        | Slain by a neqoxec

Illustrated notes

Levels and vault maps discovered:
D:        the_violet_keep_of_menkaure [sprint2_stairs_cluster_1,
          sprint2_shoproom, sprint2_temple, sprint2_basic_supplies,
          sprint2_obstacle_3, sprint2_obstacle_4, sprint2_obstacle_2,
          sprint2_obstacle_6, sprint2_obstacle_7, sprint2_timed_cluster_1,
          sprint2_smallroom_cluster_1, sprint2_smallroom_final_cluster_1,
          sprint2_transparent_cluster_1, sprint2_second_timed_cluster_1,
          sprint2_sniper_area_1, sprint2_heavy_combat_area_1,
          sprint2_mutation_trap_area_1, sprint2_forest_area_1,
          sprint2_light_combat_area_1, sprint2_behind_water_1,
          sprint2_near_end_vault_1]

Skill      XL: |  1  2  3  4  5 |
---------------+----------------+-----
Fighting       | 2 3 |  3.9
Short Blades   | 3 4 5 |  5.1
Throwing       | 3 |  3.3
Dodging        | 2 3 |  3.3
Stealth        | 13 16 18 | 18.9

Action                     |  1- 3 |  4- 6 || total
---------------------------+-------+-------++-------
  Melee: Dagger            |     4 |    33 ||    37
    Use: Potion            |     1 |     2 ||     3
 Armour: Robe              |       |     1 ||     1
  Dodge: Dodged            |     1 |    17 ||    18

Table legend: (Time is in decaauts)
 A = Elapsed time spent in this place.
 B = Non-inter-level travel time spent in this place.
 C = Inter-level travel time spent in this place.
 D = Time resting spent in this place.
 E = Time spent auto-exploring this place.
 F = Levels seen in this place.
 G = Mean time per level.
                   A        B        C        D        E       F      G
               +--------+--------+--------+--------+--------+-----+--------+
         Total |     31 |     31 |      0 |      0 |      0 |   1 |   31.0 |
       Dungeon |     31 |     31 |      0 |      0 |      0 |   1 |   31.0 |
               +--------+--------+--------+--------+--------+-----+--------+

Top non-repeatable levels by time:
       D: 31 daAuts
